 Dungeon Crawl Stone Soup version 0.30-a0-591-g3c58d2bc28 (webtiles) character file.

Game seed: 12721844436191119960

136 zero the Magician (level 4, -5/24 HPs)
             Began as a Deep Elf Earth Elementalist on Jan 4, 2023.
             Slain by an iguana (10 damage)
             ... on level 4 of the Dungeon.
             The game lasted 00:02:45 (3040 turns).

zero the Magician (Deep Elf Earth Elementalist)     Turns: 3040, Time: 00:02:46

Health: -5/24      AC:  6    Str:  5    XL:     4   Next: 98%
Magic:  8/12       EV: 12    Int: 22    God:
Gold:   132        SH:  0    Dex: 15    Spells: 5/11 levels left

rFire   . . .      SeeInvis .    n - +0 longbow
rCold   . . .      Faith    .    (shield currently unavailable)
rNeg    . . .      Spirit   .    a - +0 robe
rPois   .          Reflect  .    (no helmet)
rElec   .          Harm     .    (no cloak)
rCorr   .          Rampage  .    (no gloves)
Will    .....                    (no boots)
Stlth   ++                       r - amulet of the acrobat
HPRegen 0.24/turn                f - +4 ring of protection
MPRegen 0.13/turn                (no ring)

@: no status effects
A: no striking features
a: no special abilities


You were on level 4 of the Dungeon.
You visited 1 branch of the dungeon, and saw 4 of its levels.

You collected 132 gold pieces.

Inventory:

Hand Weapons
 d - a +0 dagger
 n - a +0 longbow (weapon)
 q - a +0 rapier
Armour
 a - a +0 robe (worn)
Jewellery
 f - a +4 ring of protection (left hand)
 r - an amulet of the acrobat (around neck)
Scrolls
 c - 2 scrolls of fog {unknown}
 e - 2 scrolls of identify {unknown}
 g - a scroll of enchant weapon {unknown}
 h - a scroll of immolation {unknown}
 k - a scroll of vulnerability {unknown}
 m - 2 scrolls of teleportation {unknown}
 p - a scroll of poison {unknown}
 s - a scroll of noise {unknown}
 t - a scroll of enchant armour {unknown}
 u - a scroll of fear {unknown}
 x - a scroll of amnesia {unknown}
Potions
 b - a potion of magic
 i - 3 potions of haste {unknown}
 j - a potion of berserk rage {unknown}
 l - 2 potions of degeneration {unknown}
 o - a potion of heal wounds {unknown}
 v - a potion of curing {unknown}
 w - a potion of flight {unknown}


   Skills:
 + Level 0.4 Fighting
 + Level 0.8 Ranged Weapons
 + Level 2.5 Dodging
 + Level 2.7 Stealth
 * Level 4.2 Spellcasting
 + Level 1.2 Conjurations
 + Level 1.6 Necromancy
 - Level 2.0 Transmutations
 + Level 1.2 Ice Magic
 + Level 1.2 Air Magic
 + Level 3.6 Earth Magic


You had 5 spell levels left.
You knew the following spells:

 Your Spells              Type           Power      Damage    Failure   Level
a - Sandblast             Erth           40%        2d10      2%          1
b - Stone Arrow           Conj/Erth      30%        3d8       12%         3
c - Passwall              Tmut/Erth      14%        N/A       5%          2

Your spell library contained the following spells:

 Spells                   Type           Power      Damage    Failure   Level
 Magic Dart               Conj           36%        1d4       7%          1
 Call Imp                 Summ           4%         N/A       17%         2
 Mephitic Cloud           Conj/Pois/Air  8%         N/A       24%         3
 Ignite Poison            Fire/Tmut/Pois 7%         N/A       26%         3
 Kindle Blastsparks       Fire/Tloc/Air  12%        2d11      28%         3
 Petrify                  Tmut/Erth      17%        N/A       34%         4
 Freezing Cloud           Conj/Ice/Air   5%         6-21      88%         5


Dungeon Overview and Level Annotations

Branches:
Dungeon (4/15)
 Temple: D:4-7

Altars:


Message History

The jackal bites you but does no damage.
An iguana comes into view.
The jackal barely misses you.
There are monsters nearby!
The blast of sand hits the jackal!
You kill the jackal!
The iguana hisses angrily.
You shoot an arrow. The arrow barely misses the iguana.
The iguana bites you.
An iguana is nearby!
You shoot an arrow. The arrow barely misses the iguana.
The iguana closely misses you. The iguana bites you!
You are too injured to fight recklessly!
You are too injured to fight recklessly!
Casting: Sandblast (safe; 2% risk of failure)
Confirm with . or Enter, or press ? or * to list all spells.
Aiming: Sandblast (safe; 2% risk of failure)
Press: ? - help, Shift-Dir - straight line, f/p - iguana
Aim: an iguana (85% to hit)
The blast of sand hits the iguana!
The iguana is moderately wounded.
The iguana bites you.
* * * LOW HITPOINT WARNING * * *
Casting: Sandblast (safe; 2% risk of failure)
Confirm with . or Enter, or press ? or * to list all spells.
Aiming: Sandblast (safe; 2% risk of failure)
Press: ? - help, Shift-Dir - straight line, f/p - iguana
Aim: an iguana (moderately wounded, 85% to hit)
The blast of sand hits the iguana.
The iguana is heavily wounded.
The iguana barely misses you. The iguana bites you.
* * * LOW HITPOINT WARNING * * *
Casting: Sandblast (safe; 2% risk of failure)
Confirm with . or Enter, or press ? or * to list all spells.
Aiming: Sandblast (safe; 2% risk of failure)
Press: ? - help, Shift-Dir - straight line, f/p - iguana
Aim: an iguana (heavily wounded, 85% to hit)
The blast of sand hits the iguana.
The iguana is severely wounded.
The iguana bites you!
You die...

#. #.## #...##
#....## #..#..
#...#####..
#..l.......
#..@# ##.## #
########.# .#
.........#
####..
########.# #...
######.###.####
#.............#
#......###.##.#
.........##.##.#


You could see an iguana.

Vanquished Creatures
  A hound (D:4)
  5 adders (D:3)
  A dart slug (D:1)
  5 bats
  11 endoplasms
  A giant cockroach (D:2)
  3 goblins
  4 hobgoblins
  9 jackals
  4 ball pythons (D:1)
  3 frilled lizards (D:3)
  5 kobolds
  4 rats
56 creatures vanquished.

Notes
Turn   | Place    | Note
-------+----------+-------------------------------------------
     0 | D:1      | zero the Deep Elf Earth Elementalist began the quest for
                  | the Orb.
     0 | D:1      | Reached XP level 1. HP: 10/10 MP: 6/6
   212 | D:1      | Reached XP level 2. HP: 15/15 MP: 5/8
   581 | D:1      | Learned a level 2 spell: Passwall
   620 | D:1      | Reached XP level 3. HP: 19/19 MP: 8/10
   667 | D:1      | Learned a level 3 spell: Stone Arrow
   690 | D:1      | Reached skill level 1 in Necromancy
  1201 | D:2      | Reached skill level 1 in Ice Magic
  2126 | D:3      | Reached skill level 4 in Spellcasting
  2200 | D:3      | Reached skill level 1 in Air Magic
  2254 | D:3      | Reached skill level 1 in Conjurations
  2254 | D:3      | Reached XP level 4. HP: 24/24 MP: 12/12
  3040 | D:4      | Slain by an iguana

Illustrated notes

Levels and vault maps discovered:
D:1:      amcnicky_arrival_gap_in_the_tavern_cellar, layout_loops_ring,
          glass_columns_b, amcnicky_mini_pool_small
D:2:      layout_basic, minmay_misc_feat_encased
D:3:      layout_basic, nrook_mini_vaults, dk_noncrumbling_4
D:4:      layout_loops_ring, minmay_temple_entry_glass, kennysheep_nondescript

Skill      XL: |  1  2  3  4 |
---------------+-------------+-----
Necromancy     | 1 |  1.6
Ice Magic      | 1 |  1.2
Spellcasting   | 4 |  4.2
Air Magic      | 1 |  1.2
Conjurations   | 1 |  1.2
Transmutations | 2 |  2.0
Fighting       | |  0.4
Ranged Weapons | |  0.8
Dodging        | |  2.5
Stealth        | |  2.7
Earth Magic    | |  3.6

Action                   |  1- 3 |  4- 6 || total
-------------------------+-------+-------++-------
Melee: Dagger            |    17 |       ||    17
 Fire: Longbow           |    23 |    14 ||    37
 Cast: Sandblast         |    50 |    11 ||    61
Armor: Robe              |    11 |     5 ||    16
Dodge: Dodged            |    28 |     8 ||    36

Table legend: (Time is in decaauts)
 A = Elapsed time spent in this place.
 B = Non-inter-level travel time spent in this place.
 C = Inter-level travel time spent in this place.
 D = Time resting spent in this place.
 E = Time spent auto-exploring this place.
 F = Levels seen in this place.
 G = Mean time per level.
                   A        B        C        D        E       F      G
               +--------+--------+--------+--------+--------+-----+--------+
         Total |   3093 |   2904 |    189 |    130 |   2427 |   4 |  773.2 |
       Dungeon |   3093 |   2904 |    189 |    130 |   2427 |   4 |  773.2 |
               +--------+--------+--------+--------+--------+-----+--------+

Top non-repeatable levels by time:
     D:1: 1142 daAuts
     D:3: 1032 daAuts
     D:2: 848 daAuts
     D:4: 70 daAuts
